 Dungeon Crawl Stone Soup version 0.27.0-1-g7a089689b8 (webtiles) character file.

Game seed: 2015082450029275904

6892 SnakkuSnakku7 the Cleaver (level 11, 0/61 HPs)
             Began as a Gargoyle Enchanter on Aug 15, 2021.
             Was a Follower of Qazlal.
             Slain by Maggie (1 damage)
             ... on level 9 of the Dungeon.
             The game lasted 00:16:15 (10561 turns).

SnakkuSnakku7 the Cleaver (Gargoyle Enchanter)     Turns: 10561, Time: 00:16:15

Health: 0/61       AC: 17    Str: 20    XL:     11   Next: 6%
Magic:  14/14      EV:  7    Int: 16    God:    Qazlal [*.....]
Gold:   229        SH:  2    Dex: 10    Spells: 13/14 levels left

rFire    . . .     SeeInvis .   a - +8 frozen axe "Frostbite" {freezing cloud, *Noise Fly rC+}
rCold    + . .     Faith    .   (shield currently unavailable)
rNeg     + + .     Spirit   .   b - +0 chain mail "Kuusiat" {-Cast Rampage rPois Str+5}
rPois    ∞         Reflect  .   t - -1 helmet "Wablich" {rN+}
rElec    +         Harm     .   (no cloak)
rCorr    .         Rampage  +   D - +0 pair of gloves
Will     .....     NoCast   +   (no boots)
Stlth    ..........             (no amulet)
HPRegen  0.20/turn              (no ring)
MPRegen  0.14/turn              (no ring)

@: flying, mesmerised
A: sickness immunity, AC +8, negative energy resistance 1, electricity
resistance, torment resistance 1, petrification resistance
a: Renounce Religion


You were on level 9 of the Dungeon.
You worshipped Qazlal.
Qazlal was aware of your devotion.
You visited 2 branches of the dungeon, and saw 10 of its levels.
You also visited: Sewer.

You collected 384 gold pieces.
You spent 155 gold pieces at shops.

Inventory:

Hand Weapons
 a - the +8 frozen axe "Frostbite" (weapon) {freezing cloud, *Noise Fly rC+}
   (You acquired it on level 2 of the Dungeon)

   It freezes those it strikes, dealing additional cold damage.
   It can also slow down cold-blooded creatures.
   It occasionally leaves clouds of freezing vapour upon striking a foe.
   It grants immunity to clouds of freezing vapour.
   rC:        It protects you from cold.
   Fly:       It grants you flight.
   *Noise:    It may make noises in combat.
 w - a +0 war axe
Missiles
 o - 30 poisoned darts (quivered)
Armour
 b - the +0 chain mail "Kuusiat" (worn) {-Cast Rampage rPois Str+5}
   (You found it in a sewer)

   Str:       It affects your strength (+5).
   rPois:     It protects you from poison.
   -Cast:     It prevents spellcasting.
   Rampage:   It bestows one free step when moving towards enemies.
 k - a +0 scale mail
 t - the -1 helmet "Wablich" (worn) {rN+}
   (You took it off Robin on level 4 of the Dungeon)

   rN:        It protects you from negative energy.
 D - a +0 pair of gloves (worn)
Jewellery
 H - a +4 ring of protection
Wands
 i - a wand of mindburst (8)
 m - a wand of iceblast (10)
 q - a wand of charming (17)
 y - a wand of flame (20)
 B - a wand of polymorph (10)
 F - a wand of acid (11)
Scrolls
 c - 2 scrolls of amnesia
 d - 4 scrolls of enchant armour
 f - a scroll of vulnerability
 g - a scroll of enchant weapon
 p - 5 scrolls of fear {unknown}
 r - a scroll of fog
 v - a scroll of silence
 x - 2 scrolls of teleportation
 G - a scroll of holy word {unknown}
Potions
 e - 2 potions of ambrosia
 h - 2 potions of curing
 j - 3 potions of mutation
 l - 4 potions of heal wounds
 n - a potion of lignification
 s - 2 potions of invisibility
 u - 3 potions of brilliance
 z - 2 potions of haste
 A - 5 potions of magic
 C - 2 potions of might
Miscellaneous
 E - a tin of tremorstones (2/2)


   Skills:
 - Level 4.2 Fighting
 - Level 0.8 Short Blades
 + Level 13.4 Axes
 - Level 4.3 Throwing
 - Level 1.5 Dodging
 - Level 3.2 Stealth
 - Level 1.6 Shields
 - Level 2.0 Spellcasting
 - Level 2.6 Hexes


You had 13 spell levels left.
You knew the following spells:

 Your Spells              Type           Power      Damage    Failure   Level
a - Corona                Hex            11%        N/A       65%         1

Your spell library contained the following spells:

 Spells                   Type           Power      Damage    Failure   Level
 Slow                     Hex            10%        N/A       78%         2
 Ensorcelled Hibernation  Hex/Ice        10%        N/A       92%         2
 Animate Skeleton         Necr           2%         N/A       95%         1
 Apportation              Tloc           2%         N/A       95%         1
 Shock                    Conj/Air       4%         1d3       95%         1
 Summon Small Mammal      Summ           4%         N/A       95%         1
 Confusing Touch          Hex            10%        N/A       95%         3
 Tukima's Dance           Hex            10%        N/A       95%         3
 Wereblood                Tmut           1%         N/A       98%         2
 Dazzling Flash           Conj/Hex       10%        N/A       99%         3
 Frozen Ramparts          Ice            2%         1d2       100%        3
 Stone Arrow              Conj/Erth      2%         3d7       100%        3
 Swiftness                Air            1%         N/A       100%        3
 Airstrike                Air            0%         N/A       100%        4
 Ice Form                 Ice/Tmut       1%         N/A       100%        4
 Summon Ice Beast         Ice/Summ       1%         N/A       100%        4
 Bolt of Magma            Conj/Fire/Erth 0%         4d4       100%        5
 Yara's Violent Unravell  Hex/Tmut       2%         3d3       100%        5
 Summon Hydra             Summ           0%         N/A       100%        7
 Shatter                  Erth           0%         3d5*      100%        9
 Sublimation of Blood     Necr           Unusable   N/A       N/A         2

Dungeon Overview and Level Annotations

Branches:
Dungeon (9/15)             Temple (1/1) D:7            Lair (0/6) D:8
  Sewer (visited)
    Orc: D:9-12

Altars:
Ashenzari
Cheibriados
Dithmenos
Gozag
Makhleb
Qazlal
Ru
Sif Muna
Uskayaw
Vehumet
Wu Jian
Xom
Yredelemnul
Zin
The Shining One

Shops:
D:1 *   D:2 *   D:5 *   D:9 *

Annotations:
D:5 2 runed translucent doors
D:9 Maggie


Innate Abilities, Weirdness & Mutations

You are immune to sickness and miasma.
Your stone body is resilient. (AC +8)
You are immune to poison.
You resist negative energy. (rN+)
You are resistant to electric shocks. (rElec)
You are resistant to unholy torment.
You are immune to petrification.


Message History

Maggie casts a spell at you. The bolt of fire hits you!!
Your chain mail "Kuusiat" prevents you from hitting Maggie.
Maggie is moderately wounded.
Maggie barely misses you. Maggie closely misses you.
You closely miss Maggie.
Maggie is moderately wounded.
Maggie barely misses you.
You slash Maggie! You freeze Maggie.
Maggie is heavily wounded.
Maggie hits you but does no damage. x2
You barely miss Maggie.
Maggie is heavily wounded.
Maggie hits you with a +1 vorpal morningstar!
You closely miss Maggie.
Maggie is heavily wounded.
Maggie hits you with a +1 vorpal morningstar!
* * * LOW HITPOINT WARNING * * *
x2 You barely miss Maggie.
You hear shards of ice tinkling.
Maggie is heavily wounded.
Maggie barely misses you. Maggie completely misses you.
You completely miss Maggie.
Maggie is heavily wounded.
Maggie gestures wildly while chanting.
Maggie attempts to bespell you! You resist with almost no effort.
Unknown command.
You hit Maggie. You freeze Maggie.
You hear ice grinding.
Maggie is heavily wounded.
Maggie gestures wildly while chanting.
Maggie attempts to bespell you!
You are mesmerised by Maggie!
Unknown command.
Your chain mail "Kuusiat" prevents you from hitting Maggie.
Maggie is heavily wounded.
Maggie barely misses you.
Maggie hits you with a +1 vorpal morningstar!
* * * LOW HITPOINT WARNING * * *
You die...

###+###
#####+##### ####
#...<....[#
....##
#.........#
....##
#.........#
#@.####.........#
#@...#.........#
####.'.........+
###.........#
#.........# ##
####'###### .#
#..# ######.###
##.# #........#
###.#####
#........#
####.......#


You could see Maggie (mesmerising).

Vanquished Creatures
  3 two-headed ogres
  A gargoyle (D:7)
  Grinder (D:3)
  A hornet (D:9)
  2 wraiths (D:5)
  2 steam dragons
  A water moccasin (D:7)
  Purgy (Sewer)
  A black bear (D:5)
  3 orc warriors
  A sky beast (D:6)
  An ice beast (D:8)
  6 ogres
  5 centaurs
  A phantom (D:4)
  A kobold brigand (D:8)
  A bullfrog (D:8)
  A scorpion (D:4)
  5 killer bees (D:9)
  5 wights (D:8)
  An electric eel (D:9)
  6 howler monkeys
  2 jellies (D:6)
  A centaur skeleton (D:5)
  3 hounds
  A centaur zombie (D:9)
  4 orc priests
  A gnoll shaman (D:6)
  A bullfrog skeleton (D:6)
  2 scorpion zombies
  4 iguanas (D:5)
  Ijyb (D:3)
  6 orc wizards
  Robin (D:4)
  2 howler monkey skeletons
  2 howler monkey zombies
  14 gnolls
  9 adders
  A shadow imp (D:7)
  An ufetubus (D:6)
  A worm (D:4)
  30 orcs
  3 endoplasms
  7 giant cockroaches
  17 goblins
  6 hobgoblins
  11 jackals
  8 kobolds
  4 quokkas
  6 ball pythons
  8 bats
  5 frilled lizards
  5 rats
217 creatures vanquished.

Vanquished Creatures (others)
  30 plants (D:9)
30 creatures vanquished.

Grand Total: 247 creatures vanquished

Notes
Turn   | Place    | Note
-------+----------+-------------------------------------------
     0 | D:1      | SnakkuSnakku7 the Gargoyle Enchanter began the quest for
                  | the Orb.
     0 | D:1      | Reached XP level 1. HP: 10/10 MP: 3/3
    51 | D:1      | Reached skill level 1 in Fighting
   334 | D:1      | Reached XP level 2. HP: 15/17 MP: 5/5
   704 | D:1      | You fall into a shaft and drop 1 floor!
   744 | D:1      | Found Magiqal's Assorted Antiques.
   856 | D:1      | Reached XP level 3. HP: 16/22 MP: 6/6
  1111 | D:2      | Found Jajerib's Assorted Antiques.
  2160 | D:2      | HP: 1/23 [orc (7)]
  2481 | D:3      | Reached XP level 4. HP: 29/29 MP: 7/7
  2505 | D:3      | HP: 1/29 [scorpion zombie (2)]
  2834 | D:3      | Reached skill level 1 in Axes
  3041 | D:3      | Noticed Grinder
  3051 | D:3      | Paralysed by Grinder for 5 turns
  3060 | D:3      | Noticed Ijyb
  3062 | D:3      | Killed Grinder
  3063 | D:3      | Reached skill level 3 in Axes
  3063 | D:3      | Reached XP level 5. HP: 26/33 MP: 8/8
  3063 | D:3      | Reached XP level 6. HP: 30/38 MP: 9/9
  3070 | D:3      | Killed Ijyb
  3743 | D:3      | Reached XP level 7. HP: 43/43 MP: 10/10
  4340 | D:4      | Identified the -1 helmet "Wablich" {rN+}
  4340 | D:4      | Noticed Robin
  4384 | D:4      | Reached skill level 4 in Axes
  4399 | D:4      | Killed Robin
  4800 | D:4      | Reached skill level 1 in Shields
  4906 | D:1      | Bought a lumpy purple potion for 27 gold pieces
  4906 | D:1      | Bought a pink potion for 27 gold pieces
  4906 | D:1      | Bought a scroll labelled GOOSSAIFUQE for 31 gold pieces
  4906 | D:1      | Bought a scroll labelled DOZXIM ONKOSY for 31 gold pieces
  4928 | D:2      | Bought a murky coppery potion for 18 gold pieces
  4928 | D:2      | Bought a scroll labelled CIF RIKKYED for 21 gold pieces
  4936 | D:2      | Acquired the +8 frozen axe "Frostbite" {freezing cloud,
                  | *Noise Fly rC+}
  4937 | D:2      | Found the +8 frozen axe "Frostbite" {freezing cloud, *Noise
                  | Fly rC+}
  4995 | D:5      | Entered Level 5 of the Dungeon
  5010 | D:5      | Found a large runed translucent door.
  5010 | D:5      | Found a large runed translucent door.
  5229 | D:5      | Found a large runed translucent door.
  5229 | D:5      | Found a large runed translucent door.
  5241 | D:5      | Reached XP level 8. HP: 29/48 MP: 11/11
  5244 | D:5      | Found a glowing drain.
  5262 | D:5      | Reached skill level 5 in Axes
  5270 | Sewer    | Entered a sewer
  5386 | Sewer    | Noticed Purgy
  5389 | Sewer    | Killed Purgy
  5467 | Sewer    | Identified the +0 chain mail "Kuusiat" {-Cast Rampage rPois
                  | Str+5}
  5666 | D:5      | Found Geargh's General Store.
  5766 | D:5      | Reached skill level 6 in Axes
  5956 | D:5      | Noticed a two-headed ogre
  6277 | D:5      | Reached skill level 7 in Axes
  6343 | D:5      | Killed a two-headed ogre
  6344 | D:5      | Reached skill level 8 in Axes
  6344 | D:5      | Reached XP level 9. HP: 52/52 MP: 12/12
  6519 | D:5      | Reached skill level 9 in Axes
  6779 | D:5      | Identified the +3 buckler "Hown" {rCorr Str+5}
  6925 | D:6      | Noticed a two-headed ogre
  7000 | D:6      | Reached skill level 10 in Axes
  7395 | D:6      | Killed a two-headed ogre
  7396 | D:6      | Reached skill level 11 in Axes
  7396 | D:6      | Reached XP level 10. HP: 43/57 MP: 13/13
  7495 | D:6      | Found a shimmering altar of Xom.
  7724 | D:6      | Found an opulent altar of Gozag.
  7842 | D:7      | Noticed a gargoyle
  7857 | D:7      | Killed a gargoyle
  8131 | D:7      | Found a staircase to the Ecumenical Temple.
  8136 | Temple   | Entered the Ecumenical Temple
  8216 | Temple   | Became a worshipper of Qazlal Stormbringer
  8433 | D:7      | Reached skill level 12 in Axes
  8921 | D:8      | Found a staircase to the Lair.
  8951 | D:8      | Reached * piety under Qazlal
 10075 | D:9      | Found Soli's Assorted Antiques.
 10269 | D:9      | Noticed a two-headed ogre
 10312 | D:9      | Killed a two-headed ogre
 10313 | D:9      | Reached skill level 13 in Axes
 10313 | D:9      | Reached XP level 11. HP: 39/61 MP: 14/14
 10547 | D:9      | Noticed Maggie
 10561 | D:9      | HP: 1/61 [Maggie (13)]
 10561 | D:9      | Slain by Maggie

Illustrated notes

Levels and vault maps discovered:
D:1:      amcnicky_arrival_choice, layout_basic, serial_shops, shop,
          minmay_misc_feat_hallway
D:2:      layout_loops_ring, serial_shops, nicolae_shop_behind_doors
D:3:      layout_rooms, uniq_ijyb, uniq_grinder
D:4:      layout_basic, uniq_robin
D:5:      layout_basic, gup_sewer_entry_glass, serial_shops,
          nicolae_shop_waterfront, minmay_hollow_rounded_squares
D:6:      layout_rooms, mainiacjoe_overflow_large_starburst
D:7:      layout_cave_pools, temple_doors_e, hellmonk_bongcloud_opening
D:8:      layout_cave_pools, lair_entry_dummy, serial_co_window_serial,
          co_window_paths_b, co_window_paths_a, co_window_cross_1,
          co_window_cross_1, co_window_cross_1, co_window_unsneaky_path_b,
          co_window_cross_2, co_window_of_opportunity_c, glass_columns_a,
          glass_columns_a, glass_columns_a, glass_columns_b, glass_columns_b
D:9:      layout_roguey, nicolae_take_the_stairs, serial_bayou_lagoon_a,
          minmay_statue_bubble, uniq_maggie
Temple:   regret_index_temple_chain_breaker

Skill      XL: |  1  2  3  4  5  6  7  8  9 10 |
---------------+-------------------------------+-----
Fighting       | 1 2 4 |  4.2
Axes           | 3 4 8 11 13 | 13.4
Throwing       | 2 3 4 |  4.3
Shields        | 1 |  1.6
Short Blades   | |  0.8
Dodging        | |  1.5
Stealth        | |  3.2
Spellcasting   | |  2.0
Hexes          | |  2.6

Action                   |  1- 3 |  4- 6 |  7- 9 | 10-12 || total
-------------------------+-------+-------+-------+-------++-------
Melee: Dagger            |    91 |       |       |       ||    91
       Falchion          |    42 |       |       |       ||    42
       Hand axe          |       |    67 |    24 |       ||    91
       War axe           |       |       |    91 |       ||    91
       Executioner's axe |       |       |   122 |   138 ||   260
Throw: Dart              |       |    23 |    27 |    22 ||    72
 Cast: Corona            |     5 |       |       |       ||     5
Evoke: Wand              |     3 |     4 |     1 |     1 ||     9
  Use: Scroll            |       |       |    18 |     2 ||    20
 Stab: Sleeping          |     5 |       |       |       ||     5
       Distracted        |       |       |     1 |       ||     1
Armor: Robe              |    57 |       |       |       ||    57
       Scale mail        |    12 |    30 |   133 |       ||   175
       Chain mail        |       |       |    51 |   124 ||   175
Dodge: Dodged            |   113 |    41 |   152 |    68 ||   374
Block: Other             |       |       |       |     2 ||     2
       Rpst.: Falchion   |     7 |       |       |       ||     7
